 Dungeon Sprint DCSS version 0.14-a0-1585-g835621a (console) character file.

456002 MakMorn the Invulnerable (level 18, 200/200 HPs)
             Began as a Minotaur Fighter on Dec 22, 2013.
             Was the Champion of Cheibriados.
             Escaped with the Orb!
             The game lasted 01:09:44 (4812 turns).

MakMorn the Invulnerable (Minotaur Fighter)         Turns: 4812, Time: 01:09:44

HP 200/200       AC 34     Str 37      XL: 18   Next: 31%
MP  38/38        EV 52     Int 20      God: Cheibriados [******]
Gold 0           SH 65     Dex 33      Spells:  0 memorised, 17 levels left

rFire  + + +     SeeInvis +     a - +4,+8 shillelagh "Devastator"
rCold  + + +     Clarity  .     d - +5 gold dragon armour
rNeg   . . .     Conserve .     N - +3 large shield
rPois  +         rCorr    +     h - +0 mask of the Dragon {MR+ Acc+3 Dam+3 SInv}
rElec  +         rRot     .     V - +0 cloak of Starlight {rElec rC+ EV+4 Stlth-}
SustAb + .       Spirit   .     g - +2 pair of fencer's gloves {EV+3 Dex+3 Acc+8}
rMut   .         Warding  .     f - +0 pair of boots "Emuruc" {Acc+6 Dam+5 Stlth++}
Saprov . . .     NoTele   +     F - amulet "Monil" {rCorr rF++ Acc+2} NoCast +
                                K - ring of Shaolin {EV+8}
                                w - ring of Yschithru {SustAb -Cast rPois rC+ Dam+4 Stlth--}

@: studying Shields, very slow, very resistant to hostile enchantments,
extremely unstealthy
A: retaliatory headbutt, horns 2, deformed body, deterioration 1, weak 1
a: Bend Time, Temporal Distortion, Slouch, Step From Time, Renounce Religion
0: Orb of Zot


You escaped.
You worshipped Cheibriados.
Cheibriados was exalted by your worship.
You were full.

You visited 1 branch

Inventory:

Hand weapons
 a - the +4,+8 shillelagh "Devastator" (weapon)
   (You found it in the Dungeon)
 k - the +5,+5 mace of Brilliance {holy, rN+ AC+5 Int+5 SInv Stlth-}
   (You found it in the Dungeon)

   It has been blessed by the Shining One to cause great damage to the undead
   and demons.
   It affects your AC (+5).
   It affects your intelligence (+5).
   It protects you from negative energy.
   It enhances your eyesight.
   It makes you less stealthy.
Missiles
 X - 31 javelins of penetration (quivered)
Armour
 d - a +5 gold dragon armour (worn)
 e - a +2 dwarven cloak of magic resistance
 f - the +0 pair of boots "Emuruc" (worn) {Acc+6 Dam+5 Stlth++}
   (You found it in the Dungeon)

   It affects your accuracy (+6).
   It affects your damage-dealing abilities (+5).
   It makes you much more stealthy.
 g - the +2 pair of fencer's gloves (worn) {EV+3 Dex+3 Acc+8}
   (You found it in the Dungeon)

   It affects your evasion (+3).
   It affects your dexterity (+3).
   It affects your accuracy (+8).
 h - the +0 mask of the Dragon (worn) {MR+ Acc+3 Dam+3 SInv}
   (You found it in the Dungeon)

   It affects your accuracy (+3).
   It affects your damage-dealing abilities (+3).
   It affects your resistance to hostile enchantments.
   It enhances your eyesight.
 i - the +6 shield of the gong {rElec rN+ MR+}
   (You found it in the Dungeon)

   It insulates you from electricity.
   It protects you from negative energy.
   It affects your resistance to hostile enchantments.
 y - a +2 cloak of preservation
 N - a +3 large shield (worn)
 V - the +0 cloak of Starlight (worn) {rElec rC+ EV+4 Stlth-}
   (You found it in the Dungeon)

   It affects your evasion (+4).
   It protects you from cold.
   It insulates you from electricity.
   It makes you much less stealthy.
Magical devices
 l - a wand of fire (5)
 m - a wand of cold (5)
 n - a wand of draining (5)
 U - a wand of heal wounds (9)
Comestibles
 x - 42 strawberries
 z - 4 meat rations
Scrolls
 j - 3 scrolls of blinking
 A - a scroll of recharging
 B - 6 scrolls of fog
 C - a scroll of holy word
 D - 5 scrolls of identify
 E - 2 scrolls of remove curse
Jewellery
 c - the ring "Ogoss" {rElec EV+4 Dam-2 SInv}
   (You found it in the Dungeon)

   [ring of evasion]

   It affects your evasion (+4).
   It affects your damage-dealing abilities (-2).
   It insulates you from electricity.
   It enhances your eyesight.
 p - the ring of Blodos {Wiz rF++ rN+}
   (You found it in the Dungeon)

   [ring of wizardry]

   It greatly protects you from fire.
   It protects you from negative energy.
 q - an uncursed amulet of clarity
 u - the ring "Ybuojip" {+Inv rElec MR SInv}
   (You found it in the Dungeon)

   [ring of protection from magic]

   It insulates you from electricity.
   It enhances your eyesight.
   It lets you turn invisible.
 v - an uncursed ring of positive energy
 w - the ring of Yschithru (left hand) {SustAb -Cast rPois rC+ Dam+4 Stlth--}
   (You found it in the Dungeon)

   [ring of sustain abilities]

   It affects your damage-dealing abilities (+4).
   It protects you from cold.
   It protects you from poison.
   It prevents spellcasting.
   It makes you much less stealthy.
 F - the amulet "Monil" (around neck) {rCorr rF++ Acc+2}
   (You found it in the Dungeon)

   [amulet of resist corrosion]

   It affects your accuracy (+2).
   It greatly protects you from fire.
 G - an uncursed ring of magical power
 K - the ring of Shaolin (right hand) {EV+8}
   (You found it in the Dungeon)

   [ring of evasion]

   It affects your evasion (+8).
 O - a +3 ring of evasion
 P - an uncursed ring of positive energy
 Q - the ring of the Kraken {+Fly rN+}
   (You found it in the Dungeon)

   [ring of flight]

   It protects you from negative energy.
 S - the ring "Plog" {rC+ Int+2 Dam+3}
   (You took it off a grey draconian in the Dungeon)

   [ring of protection from cold]

   It affects your intelligence (+2).
   It affects your damage-dealing abilities (+3).
 T - an uncursed amulet of resist mutation
 Y - the ring of Satisfaction {Hunger rPois Str+3 Int+3 Dam+4 Stlth+}
   (You found it in the Dungeon)

   [ring of poison resistance]

   It affects your strength (+3).
   It affects your intelligence (+3).
   It affects your damage-dealing abilities (+4).
   It speeds your metabolism.
   It makes you much more stealthy.
Potions
 t - 12 potions of heal wounds
 H - 2 potions of invisibility
 I - 2 potions of restore abilities
 J - 3 potions of resistance
 L - 3 potions of agility
 M - 4 potions of might
 R - 8 potions of curing
 W - 6 potions of magic
Books
 Z - a manual of Shields
Magical staves
 b - an uncursed staff of power
 o - an uncursed staff of power
Rods
 r - a +4 rod of frigid destruction (9/9)
   (You found it in the Dungeon)


   Skills:
 O Level 27 Fighting
 * Level 26.0 Maces & Flails
 O Level 27 Armour
 O Level 27 Dodging
 O Level 27 Shields
 + Level 26.2 Invocations


You had 17 spell levels left.
You didn't know any spells.

Dungeon Overview and Level Annotations

Branches:
Dungeon (1/1)

Altars:
Ashenzari
Cheibriados
Elyvilon
Fedhas
Kikubaaqudgha
Makhleb
Nemelex Xobeh
Okawaru
Sif Muna
Trog
Vehumet
Xom
Yredelemnul
Zin
the Shining One
Beogh
Jiyva
Lugonu


Innate Abilities, Weirdness & Mutations

You reflexively headbutt those who attack you in melee.
You have a pair of horns on your head.
Armour fits poorly on your strangely shaped body.
Your body is slowly deteriorating.
You are weak. (Str -2)


Message History

You see here an uncursed staff of earth.
You see here a phial of floods.
You see here a +5 lightning rod (10/10).
You see here the cursed +3,+7 morningstar of the End {crush, +Blink rF+ Dex+3}.
You see here a +1,+1 elven long sword of slicing.
You see here Tygewn's Reference Book on Destructive Ice.
You see here the cursed +8,+9 short sword "Lifebane" {slice, Dex-3}.
You see here the Tome of Dusty Toxins.
Drop what? (_ for help) (? for menu, Esc to quit)
You drop an uncursed ring of protection from fire.
An exit appears before you!
Your surroundings seem different!
Found the Orb of Zot.
Found a staircase leading out of the dungeon.
You see here the Orb of Zot.
You pick up the Orb of Zot!
The orb lets out a hideous shriek!
The lords of Pandemonium are not amused.
Beware!
Cheibriados tells them not to hurry.
Now all you have to do is get back out of the dungeon!
There is a staircase leading out of the dungeon here.
You have escaped!

......).....▓..▓.......▓..▓...8©8
...)........▓.▓▓▓.....▓▓▓.▓..|}.)
............▓..▓.......▓..▓..))=[
...)))......▓.............▓.....)
....).......▓.............▓.|.)).
............▓▓▓▓▓▓▓▓▓▓▓▓▓▓▓.....)
▓.......▓...▓8888888888888▓...)..
.▓.....▓.▓..▓8...........8▓..▓.%.
▓.......▓...▓8..@........8▓......
............▓8...........8▓......
............▓8888888888888▓▓▓▓▓▓▓
▓▓▓▓▓▓▓▓▓▓▓▓▓▓▓▓▓▓▓▓▓▓▓▓▓▓▓▓▓▓▓▓▓
.....8©8........▓........8©8.....
.?}[.)..=[.}..).▓.:))[:)})=:.)}}}
.):..:::..})....▓.).)..:)||:.)|))
.....[...)|.....▓.)|.[.:?%)%)=:=[
................▓....)%.[%)%)....


There were no monsters in sight!

Vanquished Creatures
  An orb of fire (D)
  4 pandemonium lords (D)
  3 Ice Fiends (D)
  5 acid blobs (D)
  3 Orb Guardians (D)
  4 deep elf master archers (D)
  4 deep elf blademasters (D)
  2 Executioners (D)
  5 azure jellies (D)
  4 deep elf sorcerers (D)
  2 tentacled starspawn (D)
  A cacodemon (D)
  11 reapers (D)
  7 greater nagas (D)
  3 starcursed masses (D)
  A grey draconian (D)
  3 blizzard demons (D)
  2 mottled draconians (D)
  2 green draconians (D)
  4 pale draconians (D)
  A purple draconian (D)
  A yellow draconian (D)
  7 deep elf annihilators (D)
  6 merfolk javelineers (D)
  A white draconian (D)
  A fire dragon (D)
  4 death oozes (D)
  2 mummy priests (D)
  A deep elf death mage (D)
  A merfolk impaler (D)
  4 deep elf high priests (D)
  4 merfolk aquamancers (D)
  3 great orbs of eyes (D)
  5 anacondas (D)
  3 thrashing horrors (D)
  3 wretched stars (D)
  4 naga warriors (D)
  A very ugly thing (D)
  2 soul eaters (D)
  2 sun demons (D)
  8 skeletal warriors (D)
  7 deep elf knights (D)
  11 ice devils (D)
  2 sea snakes (D)
  2 sea snakes (shapeshifter) (D)
  3 giant orange brains (D)
  6 giant amoebae (D)
  7 large abominations (D)
  3 shining eyes (D)
  A deep elf conjurer (D)
  3 hellions (D)
  3 wolf spiders (D)
  An oklob plant (D)
  3 draconians (D)
  4 sixfirhies (D)
  An elephant (shapeshifter) (D)
  2 moths of wrath (D)
  8 red wasps (D)
  A stone golem (D)
  A cyclops (D)
  4 deep elf summoners (D)
  A vapour (D)
  An eye of devastation (D)
  6 black mambas (D)
  12 guardian serpents (D)
  10 tormentors (D)
  4 orange demons (D)
  2 raiju (D)
  6 smoke demons (D)
  4 naga magi (D)
  2 hellwings (D)
  A mermaid (D)
  6 iron devils (D)
  An orb spider (shapeshifter) (D)
  A red devil (D)
  An ancient zyme (D)
  A demonic crawler (D)
  3 orb spiders (D)
  A wandering mushroom (D)
  2 guardian mummies (D)
  3 deep elf priests (D)
  3 jumping spiders (D)
  9 blue devils (D)
  6 brown oozes (D)
  2 snapping turtles (D)
  A boulder beetle (shapeshifter) (D)
  A blink frog (D)
  A formicid (D)
  6 slime creatures (D)
  6 ynoxinuls (D)
  4 vampires (D)
  7 flying skulls (D)
  A grizzly bear (shapeshifter) (D)
  3 trapdoor spiders (D)
  3 ugly things (D)
  6 deep elf magi (D)
  4 shadows (D)
  5 wraiths (D)
  4 golden eyes (D)
  5 redbacks (D)
  3 chaos spawn (D)
  3 hippogriffs (D)
  5 merfolk (D)
  A manticore (D)
  2 tarantellas (D)
  7 deep elf fighters (D)
  A fire elemental (D)
  11 neqoxecs (D)
  12 freezing wraiths (D)
  A hell hound (D)
  5 nagas (D)
  An orc warrior (D)
  3 yellow wasps (D)
  8 small abominations (D)
  3 centaurs (D)
  2 rotting devils (D)
  8 water moccasins (D)
  A brain worm (shapeshifter) (D)
  An eye of draining (D)
  3 orc priests (D)
  4 jellies (D)
  4 crimson imps (D)
  9 iron imps (D)
  2 orange rats (D)
  3 quasits (D)
  3 orc wizards (D)
  2 sheep (D)
  4 mummies (D)
  4 adders (D)
  7 lemures (D)
  A worm zombie (D)
  2 shadow imps (D)
  16 white imps (D)
  A worm (D)
  17 ufetubi (D)
  7 adder skeletons (D)
  An adder zombie (D)
  A giant eyeball (D)
  3 orcs (D)
  5 ball pythons (D)
  6 bat skeletons (D)
  2 bat zombies (D)
  A gnoll zombie (D)
  A goblin (D)
  A hobgoblin (D)
  A ball python zombie (D)
  2 giant cockroach zombies (D)
  A giant gecko (D)
  A giant gecko skeleton (D)
  A giant gecko zombie (D)
  A giant newt (D)
  A giant newt skeleton (D)
  3 giant newt zombies (D)
  2 goblin skeletons (D)
  A goblin zombie (D)
  4 hobgoblin skeletons (D)
  8 hobgoblin zombies (D)
  4 kobold skeletons (D)
  2 kobold zombies (D)
  A quokka skeleton (D)
  A quokka zombie (D)
  A rat (D)
  A rat skeleton (D)
  3 rat zombies (D)
  9 fungi (D)
  A starspawn tentacle (D)
590 creatures vanquished.

Vanquished Creatures (others)
  A storm dragon (D)
  A white draconian (D)
  A yellow draconian (D)
  An ice dragon (D)
  A starspawn tentacle (D)
  3 starspawn tentacle segments (D)
8 creatures vanquished.

Grand Total: 598 creatures vanquished

Notes
Turn   | Place    | Note
--------------------------------------------------------------
     0 | D        | MakMorn, the Minotaur Fighter, began the quest for the Orb.
     0 | D        | Reached XP level 1. HP: 19/19 MP: 1/1
     0 | D        | Found a white marble altar of Elyvilon.
     1 | D        | Found a sparkling altar of Nemelex Xobeh.
     1 | D        | Found a burning altar of Makhleb.
     2 | D        | Found a deep blue altar of Sif Muna.
     2 | D        | Found a bloodstained altar of Trog.
     5 | D        | Found an iron altar of Okawaru.
    14 | D        | Found a radiant altar of Vehumet.
    28 | D        | Found an ancient bone altar of Kikubaaqudgha.
    28 | D        | Found a basalt altar of Yredelemnul.
    29 | D        | Found a shimmering altar of Xom.
    65 | D        | Became a worshipper of Cheibriados the Contemplative
    75 | D        | Entered arena 1.
    75 | D        | Noticed a wolf
    75 | D        | Noticed a swamp drake
    79 | D        | Noticed a brain worm
    79 | D        | a swamp drake changed into a brain worm
    80 | D        | Killed a brain worm
    80 | D        | Reached skill level 5 in Fighting
    80 | D        | Reached skill level 5 in Armour
    80 | D        | Reached skill level 5 in Shields
    80 | D        | Reached XP level 2. HP: 16/29 MP: 1/1
    80 | D        | Reached XP level 3. HP: 19/36 MP: 2/2
    80 | D        | Noticed an orb spider
    80 | D        | a wolf changed into an orb spider
    82 | D        | Killed an orb spider
    82 | D        | Reached skill level 8 in Fighting
    82 | D        | Reached XP level 4. HP: 22/49 MP: 2/2
    82 | D        | Reached XP level 5. HP: 25/56 MP: 2/2
    82 | D        | Reached XP level 6. HP: 27/62 MP: 3/3
   255 | D        | Entered arena 2.
   255 | D        | Noticed a draconian
   255 | D        | Noticed a draconian
   255 | D        | Noticed a draconian
   268 | D        | Killed a draconian
   268 | D        | Reached skill level 10 in Fighting
   268 | D        | Reached skill level 10 in Armour
   268 | D        | Reached skill level 10 in Shields
   268 | D        | Reached XP level 7. HP: 38/72 MP: 3/3
   269 | D        | Killed a draconian
   269 | D        | Reached skill level 11 in Armour
   269 | D        | Reached XP level 8. HP: 42/81 MP: 3/3
   273 | D        | Killed a draconian
   273 | D        | Reached skill level 12 in Armour
   450 | D        | Entered arena 3.
   450 | D        | Noticed a water moccasin
   453 | D        | Killed a water moccasin
   453 | D        | Acquired Cheibriados' first power
   453 | D        | Reached skill level 10 in Maces & Flails
   465 | D        | Entered arena 4.
   465 | D        | Noticed an orc priest
   465 | D        | Noticed an orc wizard
   468 | D        | Acquired Cheibriados' second power
   468 | D        | Reached skill level 1 in Invocations
   470 | D        | Killed an orc wizard
   470 | D        | Killed an orc priest
   480 | D        | Got the +11,+5 mace of Froec {crush, +Inv}
   592 | D        | Entered arena 5.
   592 | D        | Noticed a deep elf fighter
   592 | D        | Noticed a deep elf knight
   592 | D        | Noticed a deep elf death mage
   592 | D        | Noticed a deep elf fighter
   592 | D        | Noticed a deep elf fighter
   595 | D        | Killed a deep elf fighter
   595 | D        | Killed a deep elf fighter
   595 | D        | Reached skill level 5 in Invocations
   595 | D        | Killed a deep elf death mage
   595 | D        | Acquired Cheibriados' third power
   595 | D        | Reached skill level 10 in Invocations
   595 | D        | Reached XP level 9. HP: 80/89 MP: 2/20
   596 | D        | Killed a deep elf knight
   601 | D        | Killed a deep elf fighter
   708 | D        | Entered arena 6.
   708 | D        | Noticed an orc priest
   708 | D        | Noticed an orc warrior
   708 | D        | Noticed an orc priest
   708 | D        | Noticed an orc wizard
   708 | D        | Noticed an orc wizard
   713 | D        | Killed an orc wizard
   713 | D        | Killed an orc wizard
   715 | D        | Killed an orc priest
   715 | D        | Killed an orc priest
   717 | D        | Killed an orc warrior
   717 | D        | Reached skill level 1 in Dodging
   738 | D        | Entered arena 7.
   738 | D        | Noticed a deep elf fighter
   738 | D        | Noticed a deep elf sorcerer
   738 | D        | Noticed a deep elf knight
   738 | D        | Noticed a deep elf mage
   740 | D        | Noticed a hellwing
   741 | D        | Killed a deep elf mage
   741 | D        | Reached skill level 13 in Armour
   743 | D        | Killed a deep elf sorcerer
   743 | D        | Reached XP level 10. HP: 50/97 MP: 17/23
   743 | D        | Killed a deep elf fighter
   745 | D        | Killed a deep elf knight
   745 | D        | Reached skill level 14 in Armour
   922 | D        | Entered arena 8.
   922 | D        | Noticed a deep elf mage
   922 | D        | Noticed a deep elf summoner
   922 | D        | Noticed a deep elf priest
   922 | D        | Noticed a deep elf mage
   922 | D        | Noticed a deep elf summoner
   922 | D        | Noticed a redback
   922 | D        | Noticed a sea snake
   922 | D        | a redback changed into a sea snake
   924 | D        | Killed a deep elf mage
   924 | D        | Killed a deep elf summoner
   924 | D        | Reached skill level 5 in Dodging
   924 | D        | Killed a deep elf priest
   924 | D        | Killed a deep elf mage
   925 | D        | Killed a sea snake
   925 | D        | Killed a deep elf summoner
   952 | D        | Got the ring "Sappy" {rPois Dex+3 Int-2}
  1013 | D        | Entered arena 9.
  1013 | D        | Noticed a mummy priest
  1013 | D        | Noticed a guardian mummy
  1013 | D        | Noticed a guardian mummy
  1013 | D        | Noticed a mummy priest
  1018 | D        | Killed a guardian mummy
  1019 | D        | Killed a mummy priest
  1019 | D        | Reached XP level 11. HP: 92/105 MP: 9/25
  1019 | D        | Killed a guardian mummy
  1023 | D        | Killed a mummy priest
  1023 | D        | Reached skill level 15 in Armour
  1126 | D        | Entered arena 10.
  1126 | D        | Noticed a cyclops
  1126 | D        | Noticed a merfolk
  1126 | D        | Noticed a hippogriff
  1126 | D        | Noticed a centaur
  1126 | D        | Noticed a centaur
  1126 | D        | Noticed a centaur
  1126 | D        | Noticed a merfolk
  1127 | D        | Killed a centaur
  1127 | D        | Killed a centaur
  1127 | D        | Killed a centaur
  1127 | D        | Reached skill level 15 in Invocations
  1128 | D        | Killed a hippogriff
  1128 | D        | Killed a merfolk
  1129 | D        | Killed a merfolk
  1133 | D        | Killed a cyclops
  1208 | D        | Entered arena 11.
  1208 | D        | Noticed a neqoxec
  1208 | D        | Noticed a grizzly bear
  1208 | D        | Noticed a white very ugly thing
  1208 | D        | Noticed a brown ugly thing
  1208 | D        | Noticed a faun
  1208 | D        | Noticed a cyan ugly thing
  1208 | D        | Noticed a shining eye
  1208 | D        | Noticed a red ugly thing
  1208 | D        | Noticed a giant orange brain
  1208 | D        | a shining eye changed into a giant orange brain
  1209 | D        | Noticed a neqoxec
  1209 | D        | Noticed a boulder beetle
  1209 | D        | a faun changed into a giant slug
  1210 | D        | Noticed a deep troll
  1210 | D        | a boulder beetle changed into a deep troll
  1211 | D        | Noticed a sea snake
  1211 | D        | a deep troll changed into a sea snake
  1212 | D        | Killed a grizzly bear
  1212 | D        | Killed a cyan ugly thing
  1212 | D        | a giant orange brain changed into an elephant
  1213 | D        | Killed a white very ugly thing
  1213 | D        | Killed a neqoxec
  1213 | D        | Killed a brown ugly thing
  1213 | D        | Killed a red ugly thing
  1216 | D        | Killed a neqoxec
  1217 | D        | Killed a sea snake
  1217 | D        | Reached skill level 16 in Invocations
  1335 | D        | Entered arena 12.
  1335 | D        | Noticed a deep elf fighter
  1335 | D        | Noticed a deep elf mage
  1335 | D        | Noticed a deep elf knight
  1335 | D        | Noticed a deep elf summoner
  1335 | D        | Noticed a deep elf sorcerer
  1335 | D        | Noticed a deep elf priest
  1336 | D        | Noticed a deep elf fighter
  1336 | D        | Noticed a deep elf fighter
  1337 | D        | Killed a deep elf priest
  1337 | D        | Killed a deep elf fighter
  1337 | D        | Killed a deep elf mage
  1337 | D        | Killed a deep elf fighter
  1337 | D        | Killed a deep elf fighter
  1338 | D        | Killed a deep elf knight
  1338 | D        | Killed a deep elf summoner
  1338 | D        | Reached skill level 17 in Invocations
  1341 | D        | Killed a deep elf sorcerer
  1341 | D        | Reached skill level 10 in Dodging
  1341 | D        | Reached XP level 12. HP: 113/113 MP: 29/29
  1343 | D        | Noticed a deep elf annihilator
  1349 | D        | Killed a deep elf annihilator
  1483 | D        | Entered arena 13.
  1483 | D        | Noticed a demonic crawler
  1483 | D        | Noticed a jumping spider
  1483 | D        | Noticed a jumping spider
  1484 | D        | Noticed an orb spider
  1484 | D        | Noticed an orb spider
  1484 | D        | Noticed a redback
  1484 | D        | Noticed a trapdoor spider
  1484 | D        | Noticed a tarantella
  1484 | D        | Noticed a wolf spider
  1484 | D        | Noticed a red wasp
  1484 | D        | Noticed a trapdoor spider
  1485 | D        | Noticed a trapdoor spider
  1486 | D        | Killed a red wasp
  1486 | D        | Killed a jumping spider
  1486 | D        | Killed a redback
  1486 | D        | Killed a jumping spider
  1486 | D        | Reached skill level 15 in Shields
  1486 | D        | Killed a tarantella
  1486 | D        | Reached skill level 18 in Invocations
  1486 | D        | Killed a trapdoor spider
  1487 | D        | Killed a trapdoor spider
  1487 | D        | Killed a trapdoor spider
  1487 | D        | Killed a wolf spider
  1487 | D        | Killed a demonic crawler
  1487 | D        | Killed an orb spider
  1487 | D        | Killed an orb spider
  1538 | D        | Entered arena 14.
  1541 | D        | Noticed a flying skull
  1542 | D        | Noticed a flying skull
  1542 | D        | Noticed a shadow
  1542 | D        | Noticed a flying skull
  1542 | D        | Noticed a shadow
  1542 | D        | Noticed a blue devil
  1542 | D        | Noticed a shadow
  1544 | D        | Killed a flying skull
  1544 | D        | Killed a flying skull
  1544 | D        | Killed a flying skull
  1545 | D        | Killed a shadow
  1545 | D        | Killed a shadow
  1545 | D        | Killed a shadow
  1549 | D        | Killed a blue devil
  1590 | D        | Got the ring of Yschithru {SustAb -Cast rPois rC+ Dam+4 Stlth--}
  1605 | D        | Entered arena 15.
  1605 | D        | Noticed a merfolk javelineer
  1605 | D        | Noticed a hippogriff
  1605 | D        | Noticed a sea snake
  1605 | D        | Noticed a merfolk javelineer
  1605 | D        | Noticed a merfolk javelineer
  1605 | D        | Noticed a merfolk aquamancer
  1605 | D        | Noticed a merfolk aquamancer
  1606 | D        | Noticed a hippogriff
  1606 | D        | Noticed a manticore
  1606 | D        | Noticed a merfolk
  1606 | D        | Noticed a sea snake
  1606 | D        | Noticed a merfolk javelineer
  1607 | D        | Noticed a merfolk
  1607 | D        | Killed a hippogriff
  1607 | D        | Killed a merfolk
  1608 | D        | Noticed a merfolk aquamancer
  1608 | D        | Killed a sea snake
  1608 | D        | Killed a hippogriff
  1608 | D        | Killed a sea snake
  1608 | D        | Killed a merfolk
  1608 | D        | Killed a merfolk aquamancer
  1608 | D        | Reached skill level 19 in Invocations
  1609 | D        | Noticed a merfolk
  1609 | D        | Noticed a snapping turtle
  1609 | D        | Killed a merfolk aquamancer
  1609 | D        | Killed a merfolk javelineer
  1609 | D        | Killed a merfolk javelineer
  1610 | D        | Noticed a merfolk aquamancer
  1610 | D        | Noticed a merfolk javelineer
  1610 | D        | Killed a merfolk javelineer
  1611 | D        | Noticed a snapping turtle
  1611 | D        | Noticed a mermaid
  1611 | D        | Noticed a merfolk javelineer
  1614 | D        | Killed a merfolk aquamancer
  1617 | D        | Noticed a merfolk impaler
  1617 | D        | Killed a merfolk
  1618 | D        | Killed a merfolk javelineer
  1618 | D        | Reached skill level 20 in Invocations
  1618 | D        | Reached XP level 13. HP: 71/119 MP: 31/31
  1618 | D        | Killed a manticore
  1618 | D        | Killed a merfolk aquamancer
  1620 | D        | Killed a merfolk impaler
  1625 | D        | Killed a snapping turtle
  1626 | D        | Noticed an oklob plant
  1628 | D        | Killed a merfolk javelineer
  1630 | D        | Killed a merfolk javelineer
  1631 | D        | Killed a snapping turtle
  1634 | D        | Killed a mermaid
  1931 | D        | Killed an oklob plant
  1943 | D        | Got the ring "Peh Smuc" {AC+4 Int+2}
  1946 | D        | Got the ring "Ogoss" {rElec EV+4 Dam-2 SInv}
  2038 | D        | Identified a cursed +5 rod of the swarm (13/13) (You found it in the Dungeon)
  2042 | D        | Entered arena 16.
  2044 | D        | Noticed a flying skull
  2044 | D        | Noticed an iron imp
  2045 | D        | Noticed a ynoxinul
  2045 | D        | Noticed a thrashing horror
  2045 | D        | Noticed a crimson imp
  2045 | D        | Noticed a fire elemental
  2045 | D        | Noticed a quasit
  2045 | D        | Noticed an orange demon
  2045 | D        | Noticed a blink frog
  2045 | D        | Noticed a neqoxec
  2045 | D        | Noticed a starcursed mass
  2046 | D        | Killed a thrashing horror
  2046 | D        | Killed a flying skull
  2046 | D        | Killed a crimson imp
  2046 | D        | Killed a fire elemental
  2046 | D        | Killed a quasit
  2047 | D        | Killed an iron imp
  2047 | D        | Reached skill level 21 in Invocations
  2047 | D        | Killed a blink frog
  2047 | D        | Killed a neqoxec
  2048 | D        | Killed a ynoxinul
  2048 | D        | Killed an orange demon
  2054 | D        | Killed a starcursed mass
  2067 | D        | Got the ring "Atrokkaf" {Hunger- rElec rPois Str-3 Dex+4}
  2087 | D        | Got the amulet "Monil" {rCorr rF++ Acc+2}
  2102 | D        | Entered arena 17.
  2104 | D        | Noticed a red wasp
  2104 | D        | Noticed a red wasp
  2105 | D        | Noticed a red wasp
  2105 | D        | Noticed a redback
  2105 | D        | Noticed a tarantella
  2105 | D        | Noticed a red wasp
  2105 | D        | Noticed a yellow wasp
  2105 | D        | Noticed a wolf spider
  2105 | D        | Noticed a yellow wasp
  2105 | D        | Noticed a formicid
  2105 | D        | Noticed a jumping spider
  2105 | D        | Noticed a yellow wasp
  2105 | D        | Noticed a wolf spider
  2105 | D        | Noticed a red wasp
  2106 | D        | Noticed a red wasp
  2106 | D        | Noticed an orb spider
  2106 | D        | Killed a jumping spider
  2106 | D        | Killed a red wasp
  2106 | D        | Killed a yellow wasp
  2106 | D        | Killed a tarantella
  2106 | D        | Killed a redback
  2106 | D        | Killed a yellow wasp
  2106 | D        | Killed a yellow wasp
  2106 | D        | Killed an orb spider
  2107 | D        | Noticed a red wasp
  2107 | D        | Killed a red wasp
  2107 | D        | Killed a red wasp
  2107 | D        | Killed a wolf spider
  2107 | D        | Killed a red wasp
  2107 | D        | Killed a wolf spider
  2107 | D        | Killed a red wasp
  2107 | D        | Killed a red wasp
  2112 | D        | Killed a red wasp
  2113 | D        | Killed a formicid
  2207 | D        | Entered arena 18.
  2209 | D        | Noticed Skaott the pandemonium lord
  2209 | D        | Noticed a sun demon
  2209 | D        | Noticed a neqoxec
  2210 | D        | Noticed an ice devil
  2210 | D        | Noticed an orange demon
  2210 | D        | Noticed a smoke demon
  2210 | D        | Noticed an Ice Fiend
  2210 | D        | Noticed a ynoxinul
  2210 | D        | Noticed an Ice Fiend
  2210 | D        | Noticed a soul eater
  2210 | D        | Noticed an ice devil
  2210 | D        | Noticed a blue devil
  2210 | D        | Noticed an orange demon
  2210 | D        | Noticed a soul eater
  2210 | D        | Noticed a neqoxec
  2210 | D        | Noticed Husonayx the pandemonium lord
  2211 | D        | Noticed a sixfirhy
  2211 | D        | Noticed a cacodemon
  2211 | D        | Noticed a sixfirhy
  2211 | D        | Killed a sixfirhy
  2211 | D        | Killed a sixfirhy
  2212 | D        | Killed a neqoxec
  2212 | D        | Killed a neqoxec
  2212 | D        | Killed a blue devil
  2214 | D        | Noticed an orange demon
  2214 | D        | Killed a ynoxinul
  2214 | D        | Killed an ice devil
  2214 | D        | Killed an orange demon
  2214 | D        | Killed a sun demon
  2214 | D        | Killed a smoke demon
  2214 | D        | Reached skill level 15 in Dodging
  2215 | D        | Killed a soul eater
  2215 | D        | Killed an ice devil
  2215 | D        | Killed a soul eater
  2215 | D        | Killed an orange demon
  2216 | D        | Killed Skaott the pandemonium lord
  2216 | D        | Reached XP level 14. HP: 27/133 MP: 33/33
  2216 | D        | Killed a cacodemon
  2216 | D        | Reached skill level 15 in Fighting
  2216 | D        | Killed an orange demon
  2217 | D        | Killed an Ice Fiend
  2217 | D        | Killed an Ice Fiend
  2219 | D        | Killed Husonayx the pandemonium lord
  2551 | D        | Entered arena 19.
  2555 | D        | Noticed a yellow draconian
  2555 | D        | Noticed a moth of wrath
  2555 | D        | Noticed an Orb Guardian
  2556 | D        | Noticed an ice dragon
  2556 | D        | Noticed an orb of fire
  2556 | D        | Noticed a grey draconian
  2556 | D        | Noticed a fire dragon
  2556 | D        | Noticed a storm dragon
  2556 | D        | Noticed a pale draconian
  2556 | D        | Noticed an Orb Guardian
  2556 | D        | Noticed a white draconian
  2556 | D        | Noticed a white draconian
  2556 | D        | Noticed a yellow draconian
  2556 | D        | Noticed an Orb Guardian
  2556 | D        | Noticed a pale draconian
  2556 | D        | Noticed a purple draconian
  2556 | D        | Noticed a mottled draconian
  2556 | D        | Noticed a moth of wrath
  2557 | D        | Noticed a mottled draconian
  2557 | D        | Noticed a pale draconian
  2557 | D        | Noticed a green draconian
  2558 | D        | Noticed a green draconian
  2558 | D        | Killed an Orb Guardian
  2558 | D        | Killed a moth of wrath
  2558 | D        | Killed an Orb Guardian
  2558 | D        | Killed a moth of wrath
  2559 | D        | Killed an Orb Guardian
  2559 | D        | Killed a yellow draconian
  2559 | D        | Killed a storm dragon
  2559 | D        | Killed an ice dragon
  2560 | D        | Killed an orb of fire
  2561 | D        | Killed a purple draconian
  2561 | D        | Reached XP level 15. HP: 135/151 MP: 34/34
  2561 | D        | Killed a white draconian
  2561 | D        | Killed a pale draconian
  2562 | D        | Killed a mottled draconian
  2562 | D        | Killed a grey draconian
  2562 | D        | Killed a pale draconian
  2562 | D        | Killed a mottled draconian
  2562 | D        | Killed a yellow draconian
  2563 | D        | Killed a green draconian
  2563 | D        | Killed a fire dragon
  2563 | D        | Killed a green draconian
  2563 | D        | Killed a white draconian
  2565 | D        | Killed a pale draconian
  2567 | D        | Got the ring "Plog" {rC+ Int+2 Dam+3}
  2663 | D        | Entered arena 20.
  2666 | D        | Noticed a wraith
  2666 | D        | Noticed a blue devil
  2667 | D        | Noticed a skeletal warrior
  2667 | D        | Noticed a reaper
  2667 | D        | Noticed a wraith
  2668 | D        | Noticed a wraith
  2668 | D        | Noticed a tormentor
  2668 | D        | Noticed a reaper
  2668 | D        | Noticed a reaper
  2668 | D        | Noticed a stone golem
  2668 | D        | Noticed an iron devil
  2668 | D        | Noticed a reaper
  2668 | D        | Noticed an iron imp
  2669 | D        | Noticed a hellion
  2669 | D        | Noticed an iron imp
  2669 | D        | Noticed a tormentor
  2669 | D        | Killed a wraith
  2670 | D        | Noticed an iron devil
  2670 | D        | Noticed a tormentor
  2670 | D        | Noticed an iron imp
  2670 | D        | Noticed an iron devil
  2670 | D        | Noticed an iron devil
  2670 | D        | Killed a blue devil
  2670 | D        | Killed a tormentor
  2670 | D        | Killed a wraith
  2670 | D        | Killed a tormentor
  2670 | D        | Reached skill level 22 in Armour
  2670 | D        | Killed a hellion
  2670 | D        | Killed an iron imp
  2671 | D        | Killed a wraith
  2671 | D        | Killed an iron imp
  2671 | D        | Killed a tormentor
  2671 | D        | Killed an iron imp
  2672 | D        | Noticed a hellion
  2672 | D        | Killed a skeletal warrior
  2672 | D        | Killed a reaper
  2673 | D        | Killed a reaper
  2673 | D        | Killed a reaper
  2673 | D        | Killed a reaper
  2673 | D        | Killed an iron devil
  2673 | D        | Killed a hellion
  2673 | D        | Killed an iron devil
  2673 | D        | Killed an iron devil
  2677 | D        | Killed an iron devil
  2679 | D        | Killed a stone golem
  2974 | D        | Entered arena 21.
  2977 | D        | Noticed a tormentor
  2978 | D        | Noticed a hellion
  2978 | D        | Noticed a tormentor
  2978 | D        | Noticed an iron imp
  2978 | D        | Noticed a reaper
  2978 | D        | Noticed a blue devil
  2978 | D        | Noticed a reaper
  2978 | D        | Noticed a tormentor
  2978 | D        | Noticed a skeletal warrior
  2979 | D        | Noticed a reaper
  2979 | D        | Noticed a tormentor
  2979 | D        | Noticed a reaper
  2979 | D        | Noticed a wraith
  2979 | D        | Noticed a hell hound
  2979 | D        | Noticed an iron imp
  2979 | D        | Killed a tormentor
  2979 | D        | Killed a tormentor
  2979 | D        | Killed a hell hound
  2980 | D        | Noticed a freezing wraith
  2980 | D        | Noticed an iron devil
  2980 | D        | Killed a tormentor
  2980 | D        | Killed a hellion
  2980 | D        | Killed a wraith
  2980 | D        | Killed an iron imp
  2980 | D        | Killed a tormentor
  2980 | D        | Killed an iron imp
  2981 | D        | Noticed an iron imp
  2981 | D        | Killed a skeletal warrior
  2982 | D        | Noticed a skeletal warrior
  2982 | D        | Killed a reaper
  2982 | D        | Killed a blue devil
  2982 | D        | Killed a reaper
  2982 | D        | Killed an iron imp
  2985 | D        | Killed a reaper
  2985 | D        | Reached skill level 23 in Armour
  2985 | D        | Killed a reaper
  2986 | D        | Killed an iron devil
  2986 | D        | Killed a freezing wraith
  2989 | D        | Killed a skeletal warrior
  3009 | D        | Got the +0 pair of boots "Emuruc" {Acc+6 Dam+5 Stlth++}
  3283 | D        | Entered arena 22.
  3293 | D        | Noticed a deep elf high priest
  3293 | D        | Noticed a deep elf annihilator
  3293 | D        | Noticed a deep elf master archer
  3294 | D        | Noticed a deep elf annihilator
  3294 | D        | Noticed a deep elf sorcerer
  3294 | D        | Noticed a deep elf knight
  3294 | D        | Noticed a deep elf blademaster
  3294 | D        | Noticed a deep elf blademaster
  3294 | D        | Noticed a deep elf knight
  3294 | D        | Noticed a deep elf sorcerer
  3294 | D        | Noticed a deep elf high priest
  3294 | D        | Noticed a deep elf blademaster
  3294 | D        | Noticed a deep elf high priest
  3294 | D        | Noticed a deep elf knight
  3295 | D        | Noticed a deep elf master archer
  3295 | D        | Noticed a deep elf blademaster
  3295 | D        | Noticed a deep elf high priest
  3295 | D        | Noticed a deep elf annihilator
  3295 | D        | Noticed a deep elf summoner
  3295 | D        | Noticed a deep elf annihilator
  3295 | D        | Noticed a deep elf mage
  3295 | D        | Noticed a deep elf annihilator
  3295 | D        | Noticed a deep elf master archer
  3296 | D        | Noticed a deep elf knight
  3296 | D        | Noticed a deep elf master archer
  3296 | D        | Noticed a deep elf mage
  3296 | D        | Noticed a deep elf conjurer
  3297 | D        | Killed a deep elf summoner
  3297 | D        | Killed a deep elf sorcerer
  3297 | D        | Killed a deep elf conjurer
  3297 | D        | Reached skill level 15 in Maces & Flails
  3297 | D        | Killed a deep elf mage
  3297 | D        | Killed a deep elf mage
  3298 | D        | Noticed a deep elf priest
  3298 | D        | Killed a deep elf blademaster
  3298 | D        | Killed a deep elf blademaster
  3298 | D        | Killed a deep elf blademaster
  3298 | D        | Killed a deep elf blademaster
  3298 | D        | Reached skill level 24 in Armour
  3298 | D        | Reached XP level 16. HP: 82/169 MP: 35/35
  3298 | D        | Killed a deep elf knight
  3298 | D        | Killed a deep elf high priest
  3298 | D        | Killed a deep elf high priest
  3298 | D        | Killed a deep elf knight
  3298 | D        | Killed a deep elf knight
  3298 | D        | Killed a deep elf high priest
  3298 | D        | Killed a deep elf knight
  3298 | D        | Killed a deep elf high priest
  3299 | D        | Killed a deep elf annihilator
  3299 | D        | Killed a deep elf annihilator
  3299 | D        | Killed a deep elf annihilator
  3299 | D        | Killed a deep elf master archer
  3299 | D        | Reached skill level 25 in Armour
  3299 | D        | Killed a deep elf annihilator
  3299 | D        | Killed a deep elf master archer
  3299 | D        | Killed a deep elf master archer
  3299 | D        | Killed a deep elf sorcerer
  3299 | D        | Killed a deep elf priest
  3300 | D        | Noticed a deep elf annihilator
  3301 | D        | Killed a deep elf master archer
  3305 | D        | Killed a deep elf annihilator
  3308 | D        | Killed a deep elf annihilator
  3731 | D        | Entered arena 23.
  3737 | D        | Noticed a tormentor
  3737 | D        | Noticed a freezing wraith
  3738 | D        | Noticed an ice devil
  3738 | D        | Noticed a blizzard demon
  3738 | D        | Noticed an Ice Fiend
  3738 | D        | Noticed a flying skull
  3738 | D        | Noticed a reaper
  3738 | D        | Noticed a freezing wraith
  3738 | D        | Noticed a freezing wraith
  3738 | D        | Noticed an ice devil
  3739 | D        | Noticed a skeletal warrior
  3739 | D        | Noticed an ice devil
  3739 | D        | Noticed an ice devil
  3739 | D        | Noticed an ice devil
  3739 | D        | Noticed a skeletal warrior
  3739 | D        | Noticed a freezing wraith
  3739 | D        | Noticed a freezing wraith
  3739 | D        | Killed a flying skull
  3740 | D        | Noticed a freezing wraith
  3740 | D        | Noticed a blue devil
  3740 | D        | Noticed a skeletal warrior
  3740 | D        | Noticed a blue devil
  3740 | D        | Killed a tormentor
  3741 | D        | Noticed a reaper
  3741 | D        | Killed a skeletal warrior
  3741 | D        | Killed a blizzard demon
  3741 | D        | Reached skill level 26 in Armour
  3741 | D        | Killed an ice devil
  3742 | D        | Killed a freezing wraith
  3742 | D        | Killed a reaper
  3742 | D        | Killed an ice devil
  3742 | D        | Killed a skeletal warrior
  3742 | D        | Killed an ice devil
  3742 | D        | Killed an ice devil
  3742 | D        | Killed a freezing wraith
  3742 | D        | Killed a freezing wraith
  3742 | D        | Killed an ice devil
  3742 | D        | Killed a blue devil
  3742 | D        | Killed a blue devil
  3742 | D        | Killed a freezing wraith
  3744 | D        | Killed an Ice Fiend
  3745 | D        | Noticed a reaper
  3746 | D        | Killed a freezing wraith
  3747 | D        | Killed a skeletal warrior
  3748 | D        | Killed a freezing wraith
  3751 | D        | Killed a reaper
  3759 | D        | Killed a reaper
  3781 | D        | Got the ring of Satisfaction {Hunger rPois Str+3 Int+3 Dam+4 Stlth+}
  3802 | D        | Got the ring of Blodos {Wiz rF++ rN+}
  3812 | D        | Got the ring "Riolugre" {rF+ Str-2 Dex+3}
  3842 | D        | Entered arena 24.
  3848 | D        | Noticed a vampire
  3859 | D        | Killed a vampire
  3869 | D        | Noticed a freezing wraith
  3869 | D        | Noticed a tormentor
  3869 | D        | Noticed a freezing wraith
  3870 | D        | Noticed a flying skull
  3870 | D        | Noticed a vampire
  3870 | D        | Noticed a blue devil
  3870 | D        | Noticed a freezing wraith
  3870 | D        | Noticed a tormentor
  3870 | D        | Noticed a freezing wraith
  3871 | D        | Noticed a blue devil
  3871 | D        | Noticed a blizzard demon
  3871 | D        | Noticed a wraith
  3871 | D        | Killed a flying skull
  3871 | D        | Killed a tormentor
  3872 | D        | Noticed an ice devil
  3872 | D        | Noticed a freezing wraith
  3872 | D        | Noticed an ice devil
  3872 | D        | Noticed a skeletal warrior
  3872 | D        | Killed a tormentor
  3872 | D        | Killed a blue devil
  3872 | D        | Killed a vampire
  3872 | D        | Killed a wraith
  3873 | D        | Killed a blizzard demon
  3873 | D        | Reached skill level 27 in Armour
  3873 | D        | Killed a blue devil
  3874 | D        | Noticed a blizzard demon
  3875 | D        | Noticed a skeletal warrior
  3876 | D        | Killed a freezing wraith
  3876 | D        | Killed a freezing wraith
  3876 | D        | Killed a skeletal warrior
  3876 | D        | Killed a freezing wraith
  3876 | D        | Killed an ice devil
  3877 | D        | Killed a freezing wraith
  3877 | D        | Killed an ice devil
  3878 | D        | Killed a freezing wraith
  3878 | D        | Killed a blizzard demon
  3879 | D        | Killed a skeletal warrior
  3921 | D        | Got the ring of the Kraken {+Fly rN+}
  3929 | D        | Got the ring "Ybuojip" {+Inv rElec MR SInv}
  4015 | D        | Entered arena 25.
  4025 | D        | Noticed a golden eye
  4025 | D        | Noticed a giant orange brain
  4025 | D        | Noticed a slime creature
  4026 | D        | Noticed a great orb of eyes
  4026 | D        | Noticed an azure jelly
  4026 | D        | Noticed an azure jelly
  4026 | D        | Noticed an acid blob
  4026 | D        | Noticed a giant orange brain
  4026 | D        | Noticed a giant amoeba
  4026 | D        | Noticed a death ooze
  4026 | D        | Noticed a death ooze
  4026 | D        | Noticed a slime creature
  4027 | D        | Killed a golden eye
  4028 | D        | Noticed a slime creature
  4028 | D        | Noticed a brown ooze
  4028 | D        | Noticed a brown ooze
  4028 | D        | Noticed an acid blob
  4028 | D        | Killed a death ooze
  4028 | D        | Killed a death ooze
  4029 | D        | Noticed a brown ooze
  4029 | D        | Noticed a giant amoeba
  4029 | D        | Killed a giant orange brain
  4029 | D        | Killed a slime creature
  4029 | D        | Killed a giant orange brain
  4030 | D        | Killed a slime creature
  4030 | D        | Killed a giant amoeba
  4030 | D        | Killed a great orb of eyes
  4030 | D        | Killed an acid blob
  4030 | D        | Killed a brown ooze
  4030 | D        | Killed a slime creature
  4030 | D        | Killed a brown ooze
  4031 | D        | Killed an azure jelly
  4031 | D        | Reached XP level 17. HP: 181/185 MP: 35/35
  4031 | D        | Killed an azure jelly
  4031 | D        | Killed an acid blob
  4031 | D        | Killed a brown ooze
  4035 | D        | Killed a giant amoeba
  4036 | D        | Noticed a giant amoeba
  4036 | D        | Noticed a jelly
  4038 | D        | Killed a jelly
  4040 | D        | Noticed a giant amoeba
  4041 | D        | Noticed a shining eye
  4041 | D        | Noticed a golden eye
  4044 | D        | Gained mutation: Armour fits poorly on your strangely shaped body. [a shining eye]
  4045 | D        | Noticed an acid blob
  4047 | D        | Killed a giant amoeba
  4048 | D        | Killed a golden eye
  4050 | D        | Gained mutation: Your body is slowly deteriorating. [a shining eye]
  4055 | D        | Noticed an eye of devastation
  4055 | D        | Killed an acid blob
  4056 | D        | Killed a shining eye
  4057 | D        | Killed a giant amoeba
  4059 | D        | Noticed a golden eye
  4059 | D        | Noticed a great orb of eyes
  4059 | D        | Noticed a brown ooze
  4060 | D        | Killed a golden eye
  4061 | D        | Noticed an acid blob
  4061 | D        | Noticed a death ooze
  4061 | D        | Noticed a slime creature
  4061 | D        | Noticed a brown ooze
  4061 | D        | Noticed a giant amoeba
  4061 | D        | Noticed an azure jelly
  4061 | D        | Noticed a jelly
  4061 | D        | Noticed a giant orange brain
  4061 | D        | Noticed a shining eye
  4062 | D        | Killed a brown ooze
  4063 | D        | Killed a death ooze
  4063 | D        | Killed a jelly
  4063 | D        | Killed a brown ooze
  4064 | D        | Killed a great orb of eyes
  4064 | D        | Killed a giant orange brain
  4064 | D        | Killed a slime creature
  4066 | D        | Noticed a death ooze
  4066 | D        | Noticed a jelly
  4066 | D        | Noticed a slime creature
  4066 | D        | Noticed a jelly
  4066 | D        | Noticed a brown ooze
  4066 | D        | Killed an eye of devastation
  4067 | D        | Killed an azure jelly
  4068 | D        | Killed an acid blob
  4069 | D        | Killed a giant amoeba
  4069 | D        | Killed a shining eye
  4070 | D        | Noticed a golden eye
  4071 | D        | Killed a death ooze
  4072 | D        | Noticed a giant amoeba
  4072 | D        | Killed a golden eye
  4073 | D        | Killed a jelly
  4074 | D        | Killed a slime creature
  4075 | D        | Killed a jelly
  4076 | D        | Killed a brown ooze
  4079 | D        | Killed a giant amoeba
  4085 | D        | Noticed a great orb of eyes
  4086 | D        | Noticed a slime creature
  4086 | D        | Noticed an azure jelly
  4087 | D        | Noticed an azure jelly
  4087 | D        | Noticed a shining eye
  4089 | D        | Noticed an acid blob
  4089 | D        | Killed a great orb of eyes
  4090 | D        | Paralysed by a giant eyeball for 3 turns
  4095 | D        | Killed a shining eye
  4096 | D        | Killed an azure jelly
  4098 | D        | Killed a slime creature
  4101 | D        | Paralysed by a giant eyeball for 4 turns
  4107 | D        | Killed an acid blob
  4110 | D        | Killed an azure jelly
  4282 | D        | Entered arena 26.
  4289 | D        | Noticed a naga mage
  4289 | D        | Noticed a guardian serpent
  4289 | D        | Noticed an anaconda
  4290 | D        | Noticed a naga
  4290 | D        | Noticed a naga warrior
  4290 | D        | Noticed a greater naga
  4290 | D        | Noticed an anaconda
  4290 | D        | Noticed a guardian serpent
  4290 | D        | Noticed a guardian serpent
  4290 | D        | Noticed a guardian serpent
  4290 | D        | Noticed a guardian serpent
  4291 | D        | Noticed a black mamba
  4291 | D        | Noticed a guardian serpent
  4291 | D        | Noticed a naga
  4291 | D        | Noticed a guardian serpent
  4291 | D        | Noticed a water moccasin
  4291 | D        | Noticed a guardian serpent
  4291 | D        | Noticed a guardian serpent
  4291 | D        | Killed a water moccasin
  4291 | D        | Killed a naga
  4291 | D        | Killed a guardian serpent
  4291 | D        | Killed a guardian serpent
  4291 | D        | Killed a black mamba
  4292 | D        | Noticed a water moccasin
  4292 | D        | Noticed an anaconda
  4292 | D        | Noticed an anaconda
  4292 | D        | Noticed a black mamba
  4292 | D        | Noticed a black mamba
  4292 | D        | Noticed an anaconda
  4292 | D        | Noticed a water moccasin
  4292 | D        | Killed an anaconda
  4292 | D        | Killed an anaconda
  4292 | D        | Reached skill level 27 in Shields
  4292 | D        | Killed a guardian serpent
  4292 | D        | Killed a guardian serpent
  4292 | D        | Killed a guardian serpent
  4292 | D        | Killed a guardian serpent
  4292 | D        | Killed a guardian serpent
  4292 | D        | Killed a guardian serpent
  4292 | D        | Killed a naga
  4292 | D        | Killed a water moccasin
  4292 | D        | Killed a black mamba
  4292 | D        | Killed a water moccasin
  4292 | D        | Killed a black mamba
  4293 | D        | Noticed a guardian serpent
  4293 | D        | Noticed a black mamba
  4293 | D        | Noticed a greater naga
  4293 | D        | Killed an anaconda
  4293 | D        | Killed an anaconda
  4293 | D        | Killed a guardian serpent
  4293 | D        | Reached skill level 27 in Fighting
  4293 | D        | Killed an anaconda
  4293 | D        | Killed a guardian serpent
  4293 | D        | Killed a black mamba
  4294 | D        | Noticed a naga mage
  4294 | D        | Noticed a water moccasin
  4294 | D        | Noticed a black mamba
  4294 | D        | Noticed a naga warrior
  4294 | D        | Noticed a greater naga
  4294 | D        | Noticed a naga warrior
  4294 | D        | Noticed a naga
  4294 | D        | Noticed a naga
  4295 | D        | Noticed a guardian serpent
  4295 | D        | Noticed a naga
  4295 | D        | Killed a naga mage
  4295 | D        | Killed a black mamba
  4295 | D        | Killed a greater naga
  4295 | D        | Killed a water moccasin
  4296 | D        | Noticed a naga mage
  4296 | D        | Noticed a greater naga
  4296 | D        | Noticed a guardian serpent
  4297 | D        | Killed a guardian serpent
  4298 | D        | Killed a naga
  4298 | D        | Killed a guardian serpent
  4298 | D        | Killed a naga
  4298 | D        | Killed a naga
  4298 | D        | Killed a naga mage
  4299 | D        | Killed a greater naga
  4299 | D        | Killed a naga mage
  4301 | D        | Killed a naga warrior
  4301 | D        | Killed a greater naga
  4304 | D        | Killed a greater naga
  4304 | D        | Killed a naga warrior
  4304 | D        | Killed a naga warrior
  4324 | D        | Noticed a greater naga
  4325 | D        | Noticed a water moccasin
  4325 | D        | Noticed a black mamba
  4325 | D        | Noticed a greater naga
  4325 | D        | Noticed a naga warrior
  4326 | D        | Noticed a naga mage
  4326 | D        | Noticed a greater naga
  4327 | D        | Noticed a water moccasin
  4327 | D        | Noticed a water moccasin
  4328 | D        | Killed a water moccasin
  4329 | D        | Killed a black mamba
  4332 | D        | Killed a water moccasin
  4332 | D        | Killed a water moccasin
  4332 | D        | Killed a naga mage
  4332 | D        | Killed a greater naga
  4334 | D        | Killed a greater naga
  4337 | D        | Killed a naga warrior
  4339 | D        | Killed a greater naga
  4459 | D        | Entered arena 27.
  4463 | D        | Noticed a vapour
  4468 | D        | Noticed a small abomination
  4469 | D        | Noticed a smoke demon
  4469 | D        | Noticed a large abomination
  4469 | D        | Noticed a thrashing horror
  4470 | D        | Noticed a ynoxinul
  4470 | D        | Noticed a neqoxec
  4470 | D        | Noticed a smoke demon
  4470 | D        | Noticed a small abomination
  4470 | D        | Noticed a neqoxec
  4470 | D        | Noticed a large abomination
  4470 | D        | Noticed a starcursed mass
  4470 | D        | Noticed a starcursed mass
  4470 | D        | Noticed a wretched star
  4470 | D        | Noticed a small abomination
  4470 | D        | Noticed a ynoxinul
  4470 | D        | Noticed a hellwing
  4470 | D        | Noticed Giklai the pandemonium lord
  4470 | D        | Killed a small abomination
  4471 | D        | Noticed a neqoxec
  4471 | D        | Noticed an Executioner
  4471 | D        | Noticed a chaos spawn
  4471 | D        | Noticed a large abomination
  4471 | D        | Noticed a tentacled starspawn
  4471 | D        | Noticed a ynoxinul
  4471 | D        | Noticed a large abomination
  4471 | D        | Noticed an iron imp
  4471 | D        | Noticed a wretched star
  4471 | D        | Killed a thrashing horror
  4471 | D        | Killed an iron imp
  4472 | D        | Noticed an iron imp
  4472 | D        | Noticed a large abomination
  4472 | D        | Noticed a pale draconian
  4472 | D        | Noticed a hellwing
  4472 | D        | Noticed an Executioner
  4472 | D        | Killed a small abomination
  4472 | D        | Killed a ynoxinul
  4472 | D        | Killed an Executioner
  4472 | D        | Killed a small abomination
  4472 | D        | Killed a chaos spawn
  4472 | D        | Killed a smoke demon
  4472 | D        | Killed a neqoxec
  4472 | D        | Killed a ynoxinul
  4472 | D        | Killed a ynoxinul
  4472 | D        | Killed an Executioner
  4472 | D        | Gained mutation: You are weak. (Str -2) [a neqoxec]
  4473 | D        | Noticed a large abomination
  4473 | D        | Noticed an ancient zyme
  4473 | D        | Noticed a wretched star
  4473 | D        | Killed a smoke demon
  4473 | D        | Killed a large abomination
  4473 | D        | Killed a wretched star
  4473 | D        | Killed a hellwing
  4473 | D        | Killed a neqoxec
  4473 | D        | Killed a wretched star
  4473 | D        | Reached skill level 27 in Dodging
  4473 | D        | Killed an iron imp
  4473 | D        | Killed a neqoxec
  4474 | D        | Noticed a raiju
  4474 | D        | Noticed a small abomination
  4474 | D        | Noticed a raiju
  4474 | D        | Noticed a flying skull
  4474 | D        | Killed a hellwing
  4474 | D        | Killed a large abomination
  4474 | D        | Killed a flying skull
  4474 | D        | Killed a small abomination
  4475 | D        | Noticed a small abomination
  4475 | D        | Noticed a tentacled starspawn
  4475 | D        | Killed a large abomination
  4475 | D        | Reached XP level 18. HP: 150/200 MP: 33/37
  4475 | D        | Killed an ancient zyme
  4475 | D        | Killed a large abomination
  4475 | D        | Killed a raiju
  4475 | D        | Killed a wretched star
  4475 | D        | Killed a raiju
  4475 | D        | Killed a small abomination
  4476 | D        | Noticed an eye of draining
  4476 | D        | Killed a tentacled starspawn
  4476 | D        | Killed a pale draconian
  4477 | D        | Noticed a smoke demon
  4478 | D        | Killed a starcursed mass
  4478 | D        | Killed a starcursed mass
  4479 | D        | Noticed a small abomination
  4480 | D        | Killed a large abomination
  4481 | D        | Killed a tentacled starspawn
  4482 | D        | Killed Giklai the pandemonium lord
  4483 | D        | Killed a smoke demon
  4484 | D        | Killed a large abomination
  4484 | D        | Killed a small abomination
  4484 | D        | Killed an eye of draining
  4487 | D        | Noticed Strets the pandemonium lord
  4488 | D        | Noticed a thrashing horror
  4495 | D        | Killed a vapour
  4498 | D        | Killed Strets the pandemonium lord
  4508 | D        | Noticed a small abomination
  4513 | D        | Noticed a vampire
  4515 | D        | Noticed a wandering mushroom
  4516 | D        | Killed a thrashing horror
  4517 | D        | Killed a small abomination
  4520 | D        | Identified a +7 rod of frigid destruction (10/14)
  4523 | D        | Killed a vampire
  4528 | D        | Noticed a ynoxinul
  4534 | D        | Killed a ynoxinul
  4686 | D        | Noticed a smoke demon
  4686 | D        | Noticed a small abomination
  4686 | D        | Noticed a large abomination
  4687 | D        | Noticed a neqoxec
  4688 | D        | Killed a small abomination
  4689 | D        | Killed a smoke demon
  4689 | D        | Killed a neqoxec
  4691 | D        | Killed a large abomination
  4699 | D        | Noticed a neqoxec
  4700 | D        | Noticed a smoke demon
  4702 | D        | Killed a neqoxec
  4704 | D        | Killed a smoke demon
  4711 | D        | Killed a wandering mushroom
  4807 | D        | Got the Orb of Zot
  4812 | D        | Escaped with the Orb!

Action                   |  1- 3 |  4- 6 |  7- 9 | 10-12 | 13-15 | 16-18 || total
-------------------------+-------+-------+-------+-------+-------+-------++-------
Melee: Shillelagh        |     7 |    10 |    22 |    32 |    28 |    82 ||   181
       Staff             |       |       |       |    10 |       |    14 ||    24
       Mace              |       |       |       |       |       |    13 ||    13
Invok: Slouch            |       |       |     2 |    25 |    31 |    44 ||   102
  Use: Potion            |       |       |       |       |     1 |     5 ||     6
       Scroll            |       |       |       |       |     1 |     2 ||     3
